 Dungeon Crawl Stone Soup version 0.29-a0-1019-g84f7d21838 (webtiles) character file.

Game seed: 5175680826473233626

663 miscthings the Slasher (level 8, -11/70 HPs)
             Began as a Meteoran Artificer on Aug 10, 2022.
             Mangled by an ogre
             ... wielding a +0 giant club
              (20 damage)
             ... on level 5 of the Dungeon.
             The game lasted 00:08:24 (1998 turns).

miscthings the Slasher (Meteoran Artificer)         Turns: 1998, Time: 00:08:25

Health: -11/70     AC:  8    Str: 24    XL:     8   Next: 12%
Magic:  9/9        EV: 10    Int: 13    God:
Gold:   53         SH:  0    Dex: 14    Spells: 7/7 levels left

rFire   . . .      SeeInvis .   A - +12 long sword of Innocence {drain, rPois Str+2}
rCold   . . .      Faith    .   (no shield)
rNeg    + . .      Spirit   .   B - +0 scale mail
rPois   +          Reflect  .   (no helmet)
rElec   .          Harm     .   h - +0 cloak
rCorr   .          Rampage  .   j - +0 pair of gloves
Will    ++++.      Clarity  +   (no boots)
Stlth   ..........              r - amulet of the Four Winds {rN+ Will+++ Clar}
HPRegen 0.21/turn               m - +6 ring of strength
MPRegen 0.11/turn               (no ring)

@: glowing
A: sense surroundings 1, otherworldly, glowing, explore regen
a: no special abilities


You were on level 5 of the Dungeon.
You visited 1 branch of the dungeon, and saw 5 of its levels.

You collected 214 gold pieces.
You spent 161 gold pieces at shops.

Inventory:

Hand Weapons
 A - the +12 long sword of Innocence (weapon) {drain, rPois Str+2}
   (You bought it in a shop on level 4 of the Dungeon)

   A truly terrible weapon, it drains the life of any living foe it strikes.
   Str:       It affects your strength (+2).
   rPois:     It protects you from poison.
Armour
 a - a +0 kite shield
 h - a +0 cloak (worn)
 j - a +0 pair of gloves (worn)
 B - a +0 scale mail (worn)
Jewellery
 m - a +6 ring of strength (left hand)
 r - the amulet of the Four Winds (around neck) {rN+ Will+++ Clar}
   (You found it on level 3 of the Dungeon)

   [amulet of nothing]

   rN:        It protects you from negative energy.
   Clar:      It protects you against confusion.
   Will:      It greatly increases your willpower.
Wands
 c - a wand of flame (7) (quivered)
 d - a wand of charming (15)
 e - a wand of iceblast (6)
Scrolls
 i - a scroll of enchant armour {unknown}
 l - a scroll of magic mapping
 n - a scroll of poison
 u - 2 scrolls of fear
 v - a scroll of blinking {unknown}
 w - a scroll of silence {unknown}
Potions
 b - a potion of lignification {unknown}
 f - 2 potions of attraction
 g - a potion of ambrosia {unknown}
 k - a potion of resistance
 p - a potion of curing
 q - 3 potions of might
 s - 2 potions of flight
 t - 3 potions of heal wounds
 z - 2 potions of berserk rage {unknown}


   Skills:
 - Level 6.0 Fighting
 + Level 6.8 Long Blades
 - Level 2.4 Armour
 - Level 1.2 Dodging
 - Level 0.6 Stealth
 - Level 3.6 Evocations


You had 7 spell levels left.
You didn't know any spells.
Your spell library contained the following spells:

 Spells                   Type           Power      Damage    Failure   Level
 Ensorcelled Hibernation  Hex/Ice        0%         N/A       75%         2
 Sublimation of Blood     Necr           0%         N/A       75%         2
 Wereblood                Tmut           0%         N/A       75%         2
 Inner Flame              Hex/Fire       0%         N/A       92%         3
 Portal Projectile        Hex/Tloc       0%         N/A       92%         3
 Spider Form              Tmut/Pois      0%         N/A       92%         3
 Tukima's Dance           Hex            0%         N/A       92%         3
 Anguish                  Hex/Necr       0%         N/A       100%        4
 Cause Fear               Hex            0%         N/A       100%        4
 Blade Hands              Tmut           0%         N/A       100%        5
 Summon Hydra             Summ           0%         N/A       100%        7
 Discord                  Hex            0%         N/A       100%        8


Dungeon Overview and Level Annotations

Branches:
Dungeon (5/15) Zot: 968
 Temple: D:4-7

Altars:
Wu Jian

Shops:
D:4 [:*::


Innate Abilities, Weirdness & Mutations

You passively map a small area around you.
You are easily found by Zot.
You glow in the dark.
You regain HP and MP as you explore.


Message History

The quokka is heavily wounded.
The quokka closely misses you.
You slash the quokka!
You kill the quokka!
There is a stone staircase leading down here.
You climb downwards.
HP restored.
Found a stone staircase leading down.
There is a stone staircase leading up here.
You closely miss the ice beast.
The ice beast hits you but does no damage.
You slash the ice beast!
The ice beast is heavily wounded.
The ice beast hits you but does no damage.
You hit the ice beast. You drain the ice beast.
The ice beast is severely wounded.
The ice beast hits you but does no damage.
You closely miss the ice beast.
The ice beast is severely wounded.
The ice beast closely misses you.
You barely miss the ice beast.
The ice beast is severely wounded.
The ogre hits you with a +0 giant club!!
The ice beast hits you but does no damage.
You closely miss the ice beast.
The ice beast is severely wounded.
The ice beast hits you but does no damage.
You barely miss the ice beast.
The ice beast is severely wounded.
The ogre hits you with a +0 giant club!!
* * * LOW HITPOINT WARNING * * *
The ice beast hits you.
* * * LOW HITPOINT WARNING * * *
The ice beast freezes you!
* * * LOW HITPOINT WARNING * * *
Okay, then.
The ice beast attacks as you move away!
The ice beast hits you but does no damage.
The ogre attacks as you move away!
The ogre hits you with a +0 giant club!!
You die...

, * ** ,
.#......#
.......# ,
......# ,
*#.>...# ,
#.....#
#.....#
#...#
##.###@#<#
*#......YO.#
..#..##.###
...# #.#** *
, ,.. * ,...
, *.... ,
#....,
*##.... * ,
, #.. ,


You could see an ice beast (drained) and an ogre.

Vanquished Creatures
  Grinder (D:4)
  A black bear (D:4)
  A scorpion (D:4)
  A hound (D:4)
  4 iguanas
  5 adders
  5 gnolls
  2 ufetubi (D:4)
  5 dart slugs
  An orc (D:3)
  7 bats
  6 endoplasms
  7 giant cockroaches
  7 hobgoblins
  2 jackals (D:2)
  5 quokkas
  2 ball pythons
  A frilled lizard (D:2)
  7 goblins
  3 kobolds
  4 rats
77 creatures vanquished.

Notes
Turn   | Place    | Note
-------+----------+-------------------------------------------
     0 | D:1      | miscthings the Meteoran Artificer began the quest for the
                  | Orb.
     0 | D:1      | Reached XP level 1. HP: 16/16 MP: 2/2
    78 | D:1      | Reached XP level 2. HP: 18/24 MP: 3/3
   142 | D:1      | Reached XP level 3. HP: 10/30 MP: 4/4
   200 | D:1      | Found a faded altar of an unknown god.
   653 | D:2      | Reached XP level 4. HP: 19/40 MP: 5/5
   815 | D:2      | Reached XP level 5. HP: 38/47 MP: 6/6
  1022 | D:3      | Found the amulet of the Four Winds {rN+ Will+++ Clar}
  1063 | D:3      | Found an ornate altar of the Wu Jian Council.
  1095 | D:3      | Reached skill level 5 in Fighting
  1439 | D:4      | Reached XP level 6. HP: 55/57 MP: 7/7
  1451 | D:4      | Found Oxiwkia's Antique Armour Shoppe.
  1589 | D:4      | Found Pazeta's Book Shop.
  1589 | D:4      | Found Cinued's Assorted Antiques.
  1595 | D:4      | Found Plog's Book Shop.
  1599 | D:4      | Found Ruton's Book Shop.
  1617 | D:4      | Bought a warped long sword for 161 gold pieces
  1617 | D:4      | Identified the +12 long sword of Innocence {drain, rPois
                  | Str+2} (You bought it in a shop on level 4 of the Dungeon)
  1641 | D:4      | Reached skill level 1 in Long Blades
  1672 | D:4      | Noticed a black bear
  1681 | D:4      | Killed a black bear
  1682 | D:4      | Reached XP level 7. HP: 53/63 MP: 8/8
  1883 | D:4      | Noticed Grinder
  1894 | D:4      | Reached skill level 5 in Long Blades
  1900 | D:4      | Killed Grinder
  1901 | D:4      | Reached XP level 8. HP: 49/70 MP: 9/9
  1987 | D:5      | Entered Level 5 of the Dungeon
  1998 | D:5      | Mangled by an ogre

Illustrated notes

Levels and vault maps discovered:
D:1:      dpeg_arrival_more_subterranean_lakeside_camping, layout_basic,
          shapermc_ecumenical_altar_starsandcircs, minmay_crystal_water
D:2:      layout_loops_ring
D:3:      layout_loops_cross, mainiacjoe_overflow_six_doors_small,
          chequers_serial_rivers_room_a, minmay_distorted
D:4:      layout_basic, serial_shops, nicolae_shop_advertising_works
          [nicolae_subvault_shop_adworks], minivault_26,
          minmay_shop_grid_forest, kennysheep_dice, uniq_grinder
D:5:      layout_rooms, uniq_menkaure

Skill      XL: |  1  2  3  4  5  6  7 |
---------------+----------------------+-----
Fighting       | 2 3 4 5 6 |  6.0
Long Blades    | 3 6 |  6.8
Armour         | |  2.4
Dodging        | |  1.2
Stealth        | |  0.6
Evocations     | |  3.6

Action                   |  1- 3 |  4- 6 |  7- 9 || total
-------------------------+-------+-------+-------++-------
Melee: Dagger            |   141 |    51 |       ||   192
       Club              |     5 |       |       ||     5
       Punch             |     2 |       |       ||     2
       Halberd           |       |    39 |       ||    39
       Quarterstaff      |       |    30 |       ||    30
       Long sword        |       |     4 |    38 ||    42
Evoke: Wand              |     3 |     8 |       ||    11
  Use: Scroll            |       |     7 |     2 ||     9
Armor: Leather armour    |    80 |    34 |       ||   114
       Ring mail         |       |     3 |       ||     3
       Scale mail        |       |       |    30 ||    30
Dodge: Dodged            |    93 |    67 |    21 ||   181

Table legend: (Time is in decaauts)
 A = Elapsed time spent in this place.
 B = Non-inter-level travel time spent in this place.
 C = Inter-level travel time spent in this place.
 D = Time resting spent in this place.
 E = Time spent auto-exploring this place.
 F = Levels seen in this place.
 G = Mean time per level.
                   A        B        C        D        E       F      G
               +--------+--------+--------+--------+--------+-----+--------+
         Total |   2031 |   1974 |     57 |      0 |    646 |   5 |  406.2 |
       Dungeon |   2031 |   1974 |     57 |      0 |    646 |   5 |  406.2 |
               +--------+--------+--------+--------+--------+-----+--------+

Top non-repeatable levels by time:
     D:2: 614 daAuts
     D:4: 553 daAuts
     D:3: 440 daAuts
     D:1: 411 daAuts
     D:5: 11 daAuts
